 Dungeon Crawl Stone Soup version 0.28.0-53-g5a82cb258f (webtiles) character file.

Game seed: 5738611870185619359

3485 puyas the Thaumaturge (level 9, -10/51 HPs)
             Began as a Deep Elf Conjurer on June 1, 2022.
             Was an Initiate of Vehumet.
             Shot with a sling bullet by Joseph (18 damage)
             ... on level 9 of the Dungeon.
             The game lasted 00:21:50 (9775 turns).

puyas the Thaumaturge (Deep Elf Conjurer)           Turns: 9775, Time: 00:21:51

Health: -10/51     AC:  4    Str: 10    XL:     9   Next: 79%
Magic:  9/25       EV: 15    Int: 28    God:    Vehumet [......]
Gold:   181        SH:  0    Dex: 13    Spells: 11/28 levels left

rFire   . . .      SeeInvis .   t - +0 short sword (holy)
rCold   + . .      Faith    .   (no shield)
rNeg    . . .      Spirit   .   E - +2 robe {rC+}
rPois   .          Reflect  .   (no helmet)
rElec   .          Harm     .   l - scarf {+Inv}
rCorr   .          Rampage  .   (no gloves)
Will    .....                   (no boots)
Stlth   ++........              j - amulet of the acrobat
HPRegen 0.17/turn               p - +6 ring of strength
MPRegen 0.19/turn               (no ring)

@: studying Bows
A: no striking features
a: Renounce Religion, Evoke Invisibility


You were on level 9 of the Dungeon.
You worshipped Vehumet.
Vehumet was noncommittal.
You visited 2 branches of the dungeon, and saw 10 of its levels.

You collected 330 gold pieces.
You spent 149 gold pieces at shops.

Inventory:

Hand Weapons
 t - a +0 short sword of holy wrath (weapon)
Armour
 a - a +0 robe
 l - a scarf of invisibility (worn)
 C - +0 steam dragon scales
 E - a +2 robe of cold resistance (worn)
Jewellery
 j - an amulet of the acrobat (around neck)
 k - a ring of fire
 p - a +6 ring of strength (left hand)
 u - an amulet of magic regeneration
Wands
 x - a wand of mindburst (22)
 z - a wand of flame (8)
Scrolls
 c - 2 scrolls of vulnerability
 f - 6 scrolls of teleportation {unknown}
 g - 5 scrolls of identify
 m - a scroll of brand weapon {unknown}
 n - a scroll of blinking {unknown}
 o - 5 scrolls of enchant armour {unknown}
 q - 3 scrolls of magic mapping
 v - 2 scrolls of fear
 y - a scroll of enchant weapon {unknown}
 B - a scroll of fog {unknown}
 D - a scroll of noise {unknown}
Potions
 b - 3 potions of lignification
 d - 2 potions of curing
 e - a potion of mutation
 h - a potion of brilliance
 i - a potion of degeneration {unknown}
 r - 2 potions of berserk rage
 s - a potion of flight {unknown}
 w - 3 potions of heal wounds {unknown}
 A - a potion of magic {unknown}


   Skills:
 + Level 3.2 Fighting
 + Level 7.4 Dodging
 - Level 2.4 Stealth
 + Level 10.0 Spellcasting
 + Level 9.2 Conjurations
 - Level 3.0 Hexes
 - Level 6.0 Translocations


You had 11 spell levels left.
You knew the following spells:

 Your Spells              Type           Power      Damage    Failure   Level
a - Magic Dart            Conj           100%       1d8       1%          1
b - Dazzling Flash        Conj/Hex       96%        N/A       1%          3
c - Searing Ray           Conj           100%       2d8       1%          2
d - Iskenderun's Mystic   Conj/Tloc      54%        2d12      1%          4
e - Gell's Gravitas       Tloc           47%        N/A       1%          3
f - Fulminant Prism       Conj/Hex       24%        3d13      3%          4

Your spell library contained the following spells:

 Spells                   Type           Power      Damage    Failure   Level
 Lesser Beckoning         Tloc           47%        N/A       1%          3
 Stone Arrow              Conj/Erth      78%        3d11      1%          3
 Teleport Other           Tloc           47%        N/A       1%          3
 Sandblast                Erth           28%        2d8       4%          1
 Passwall                 Tmut/Erth      11%        N/A       6%          2
 Lightning Bolt           Conj/Air       19%        1d34      17%         5
 Airstrike                Air            7%         N/A       36%         4
 Summon Lightning Spire   Summ/Air       14%        N/A       36%         4
 Dispersal                Tloc           23%        N/A       45%         6


Dungeon Overview and Level Annotations

Branches:
Dungeon (9/15)             Temple (1/1) D:7            Lair (0/6) D:8
    Orc: D:9-12

Altars:
Ashenzari
Cheibriados
Dithmenos
Elyvilon
Fedhas
Gozag
Hepliaklqana
Kikubaaqudgha
Makhleb
Nemelex Xobeh
Okawaru
Qazlal
Ru
Sif Muna
Trog
Uskayaw
Vehumet
Wu Jian
Xom
Yredelemnul
Zin
The Shining One

Shops:
D:1 *   D:3 *   D:4 !   D:6 *

Annotations:
D:9 Joseph


Message History

Vehumet accepts your kill.
The searing ray misses the killer bee.
The searing ray hits Joseph!
Joseph is moderately wounded.
You feel very sick.
A killer bee comes into view.
The killer bee misses you.
Your fulminant prism explodes!
The blast of energy engulfs the killer bee!!
You kill the killer bee!
Vehumet accepts your kill.
The blast of energy engulfs Joseph!!
Joseph is severely wounded.
You hear a shout!
Unknown command.
The searing ray hits the killer bee!
The killer bee is almost dead.
The searing ray hits Joseph!
Joseph is almost dead.
You feel sick.
The killer bee completely misses you. x2
Unknown command.
Casting: Searing Ray (safe; 1% risk of failure)
Confirm with . or Enter, or press ? or * to list all spells.
Restarting spell: Searing Ray (safe; 1% risk of failure)
Press: ? - help, Shift-Dir - straight line The searing ray hits the killer bee!
You kill the killer bee!
Vehumet accepts your kill.
The searing ray hits Joseph!
Joseph is almost dead. (Press . to maintain the ray.)
You feel sick.
Joseph unwields a +2 antimagic quarterstaff.
Joseph wields a +0 hunting sling.
Joseph shoots a sling bullet.
The sling bullet hits you!!
* * * LOW HITPOINT WARNING * * *
Your Spellcasting skill increases to level 10!
You feel better.
Joseph says, "I've waited for this moment for such a long time."
Joseph shoots a sling bullet.
The sling bullet hits you!!
You die...

#..# ..# ..# ..#
#.# #@# #†# #@# #.#
#.# #.# #.#
#.#######
...########........
.......<...........
###################


You could see Joseph.

Vanquished Creatures
  A troll (D:8)
  A yak (D:8)
  2 wyverns
  A steam dragon (D:8)
  A water moccasin (D:5)
  2 black bears
  3 ice beasts
  A sky beast (D:3)
  2 ogres
  A necrophage (D:6)
  4 bullfrogs
  A wyvern zombie (D:7)
  2 scorpions
  A wyvern skeleton (D:6)
  9 killer bees
  3 wights (D:8)
  A howler monkey (D:8)
  A centaur zombie (D:8)
  2 bullfrog skeletons
  A bullfrog zombie (D:6)
  A hound (D:4)
  2 jellies (D:7)
  An orc priest (D:4)
  A centaur skeleton (D:6)
  5 orc wizards
  3 iguanas
  A scorpion zombie (D:5)
  A killer bee zombie (D:4)
  A howler monkey zombie (D:8)
  A gnoll (D:1)
  8 adders
  A shadow imp (D:7)
  3 white imps
  An ufetubus (D:6)
  2 adder skeletons (D:4)
  A worm (D:1)
  24 orcs
  11 bats
  3 endoplasms
  2 giant cockroaches
  5 hobgoblins
  4 kobolds
  3 quokkas
  9 ball pythons
  2 frilled lizards (D:2)
  5 goblins
  5 rats
146 creatures vanquished.

Vanquished Creatures (others)
  2 fulminant prisms
  2 fungi (D:8)
  5 plants (D:8)
9 creatures vanquished.

Grand Total: 155 creatures vanquished

Notes
Turn   | Place    | Note
-------+----------+-------------------------------------------
     0 | D:1      | puyas the Deep Elf Conjurer began the quest for the Orb.
     0 | D:1      | Reached XP level 1. HP: 10/10 MP: 6/6
    45 | D:1      | Found Plog's General Store.
   389 | D:1      | Reached XP level 2. HP: 15/15 MP: 5/8
   713 | D:1      | Reached skill level 4 in Spellcasting
   797 | D:1      | Reached skill level 5 in Conjurations
   824 | D:1      | Found a faded altar of an unknown god.
   846 | D:1      | Reached XP level 3. HP: 19/19 MP: 8/10
  1590 | D:2      | Learned a level 3 spell: Dazzling Flash
  1593 | D:2      | Learned a level 2 spell: Searing Ray
  1739 | D:2      | Reached XP level 4. HP: 24/24 MP: 5/12
  2285 | D:2      | Learned a level 4 spell: Iskenderun's Mystic Blast
  2518 | D:3      | Noticed a sky beast
  2533 | D:3      | Killed a sky beast
  2534 | D:3      | Reached skill level 5 in Spellcasting
  2534 | D:3      | Reached skill level 1 in Translocations
  2534 | D:3      | Reached XP level 5. HP: 28/28 MP: 3/14
  2804 | D:3      | Found Jomuduoh's General Store.
  2809 | D:3      | Bought a scroll of magic mapping for 45 gold pieces
  2809 | D:3      | Bought a potion of berserk rage for 65 gold pieces
  3111 | D:4      | Reached skill level 1 in Hexes
  3810 | D:4      | Reached XP level 6. HP: 32/32 MP: 11/16
  4005 | D:4      | Found Quos's Distillery.
  4047 | D:4      | Bought a potion of curing for 39 gold pieces
  4203 | D:4      | Reached skill level 6 in Spellcasting
  4278 | D:4      | Learned a level 3 spell: Gell's Gravitas
  4579 | D:5      | Entered Level 5 of the Dungeon
  4644 | D:5      | Reached XP level 7. HP: 36/36 MP: 12/18
  5322 | D:5      | Reached skill level 7 in Spellcasting
  5683 | D:6      | Found a blossoming altar of Fedhas.
  5711 | D:6      | Reached XP level 8. HP: 41/41 MP: 16/21
  6016 | D:6      | Found Has Argh's Fire Supplies.
  6171 | D:6      | Reached skill level 5 in Translocations
  6180 | D:6      | Reached skill level 5 in Dodging
  6180 | D:6      | Reached skill level 8 in Spellcasting
  7267 | D:7      | Found a staircase to the Ecumenical Temple.
  7278 | Temple   | Entered the Ecumenical Temple
  7351 | Temple   | Became a worshipper of Vehumet
  7427 | D:7      | Reached skill level 1 in Fighting
  7661 | D:7      | Reached XP level 9. HP: 47/47 MP: 14/23
  8163 | D:8      | Noticed a troll
  8178 | D:8      | Killed a troll
  8351 | D:8      | Found a staircase to the Lair.
  8359 | D:8      | Reached skill level 9 in Spellcasting
  8361 | D:8      | Noticed a catoblepas
  8861 | D:8      | Learned a level 4 spell: Fulminant Prism
  9615 | D:8      | Identified the +7 arbalest of the Puffball {flame, Str+4
                  | SInv}
  9766 | D:9      | Noticed Joseph
  9775 | D:9      | Reached skill level 10 in Spellcasting
  9775 | D:9      | Shot with a sling bullet by Joseph

Illustrated notes

Levels and vault maps discovered:
D:1:      zaba_arrival_water, layout_basic,
          shapermc_ecumenical_altar_notcrosses, serial_shops, shop,
          grunt_decor_resistance, nicolae_wormholes
D:2:      layout_basic, serial_co_window_serial, co_window_cross_1,
          co_window_paths_a, co_window_paths_b, co_window_of_opportunity_a,
          co_window_paths_b, co_window_2corner, co_window_2corner,
          co_window_of_opportunity_b, co_window_2corner, co_window_paths_d,
          co_window_sun, glass_columns_a, glass_columns_b
D:3:      layout_rooms, serial_shops, shop
D:4:      layout_basic, serial_shops, shop
D:5:      layout_gridville
D:6:      layout_rooms, fedhas_ov_isle_minmay, nicolae_shop_fire_sale
          [nicolae_sub_dead_trees]
D:7:      layout_basic, minmay_temple_entry_mini_moons
D:8:      layout_cave_pools, dpeg_oklobed_lair, minmay_manual_mail
D:9:      layout_long_grid, ebering_ghost_funeral_grove, minivault_5,
          uniq_gastronok, uniq_joseph, uniq_psyche
Temple:   grunt_wide_crystal_templ

Skill      XL: |  1  2  3  4  5  6  7  8  9 |
---------------+----------------------------+-----
Spellcasting   | 4 5 6 7 8 10 | 10.0
Conjurations   | 5 6 7 8 9 |  9.2
Translocations | 1 2 3 4 5 6 |  6.0
Hexes          | 1 3 |  3.0
Dodging        | 4 6 7 |  7.4
Fighting       | 1 3 |  3.2
Stealth        | |  2.4

Action                   |  1- 3 |  4- 6 |  7- 9 || total
-------------------------+-------+-------+-------++-------
Melee: Short sword       |     1 |       |       ||     1
 Cast: Magic Dart        |    77 |    69 |   134 ||   280
       Searing Ray       |     1 |    14 |    43 ||    58
       Iskenderun's Myst |       |     1 |    14 ||    15
       Gell's Gravitas   |       |       |     4 ||     4
       Fulminant Prism   |       |       |     2 ||     2
  Use: Scroll            |     1 |     2 |     2 ||     5
       Potion            |       |       |     2 ||     2
Armor: Robe              |     1 |     2 |     4 ||     7
Dodge: Dodged            |     8 |    22 |    57 ||    87
